 Dungeon Crawl Stone Soup version 0.28-a0-1387-g3a22ab9bdc (webtiles) character file.

Game seed: 12252257766782468740

2 tilp the Magician (level 1, 0/7 HPs)
             Began as a Felid Hedge Wizard on Jan 2, 2022.
             Frozen to death by an endoplasm (2 damage)
             ... on level 1 of the Dungeon.
             The game lasted 00:00:37 (183 turns).

tilp the Magician (Felid Hedge Wizard)               Turns: 183, Time: 00:00:37

Health: 0/7        AC:  1    Str:  6    XL:     1   Next: 25%
Magic:  1/5        EV: 17    Int: 15    God:
Gold:   0          SH:  0    Dex: 15    Spells: 5/6 levels left
                                        Lives:  0   Deaths: 0

rFire   . . .      SeeInvis +   (weapon unavailable)
rCold   . . .      Faith    .   (shield unavailable)
rNeg    . . .      Spirit   .   (armour unavailable)
rPois   .          Reflect  .   (helmet unavailable)
rElec   .          Harm     .   (cloak unavailable)
rCorr   .          Rampage  .   (gloves unavailable)
Will    .....                   (boots unavailable)
Stlth   ++........              (no amulet)
HPRegen 0.02/turn               (no ring)
MPRegen 0.09/turn               (no ring)

@: quick
A: very small, claws 1, fangs 3, see invisible, speed 1, shaggy fur 1, stealthy
paws, no weapons or thrown items, no armour, multi-lived
a: no special abilities


You were on level 1 of the Dungeon.
You visited 1 branch of the dungeon, and saw 1 of its levels.

You aren't carrying anything.


   Skills:
 - Level 2.6 Dodging
 - Level 2.6 Stealth
 + Level 0.6 Unarmed Combat
 - Level 3.0 Spellcasting
 - Level 0.8 Conjurations
 - Level 1.0 Summonings
 - Level 1.5 Translocations


You had 5 spell levels left.
You knew the following spells:

 Your Spells              Type           Power      Damage    Failure   Level
a - Magic Dart            Conj           16%        1d3       14%         1

Your spell library contained the following spells:

 Spells                   Type           Power      Damage    Failure   Level
 Blink                    Tloc           12%        N/A       16%         2
 Slow                     Hex            8%         N/A       21%         1
 Call Imp                 Summ           5%         N/A       21%         2
 Conjure Flame            Conj/Fire      3%         6-21      45%         3
 Mephitic Cloud           Conj/Pois/Air  3%         N/A       47%         3


Dungeon Overview and Level Annotations

Branches:
Dungeon (1/15)

Altars:

Annotations:
D:1 exclusion: gnoll


Innate Abilities, Weirdness & Mutations

You have sharp claws.
You have razor-sharp teeth.
You have supernaturally acute eyesight. (SInv)
You cover ground quickly. (Speed+)
You are covered in fur. (AC +1)
Your paws help you pounce on unaware monsters.
You are incapable of wielding weapons or throwing items.
You cannot wear armour.
You gain extra lives every three experience levels.


Message History

An endoplasm comes into view.
The frilled lizard hisses angrily.
The endoplasm quivers.
The endoplasm freezes you.
You are frozen.
Casting: Magic Dart (safe; 14% risk of failure)
Confirm with . or Enter, or press ? or * to list all spells.
Aiming: Magic Dart (safe; 14% risk of failure)
Press: ? - help, Shift-Dir - straight line, f - endoplasm
Aim: an endoplasm (100% to hit)
The magic dart hits the endoplasm.
The endoplasm is lightly wounded.
Unknown command.
Casting: Magic Dart (safe; 14% risk of failure)
Confirm with . or Enter, or press ? or * to list all spells.
Aiming: Magic Dart (safe; 14% risk of failure)
Press: ? - help, Shift-Dir - straight line, f/p - endoplasm
Aim: an endoplasm (lightly wounded, 100% to hit)
The magic dart hits the endoplasm.
The endoplasm is heavily wounded.
Unknown command.
Casting: Magic Dart (safe; 14% risk of failure)
Confirm with . or Enter, or press ? or * to list all spells.
Aiming: Magic Dart (safe; 14% risk of failure)
Press: ? - help, Shift-Dir - straight line, f/p - endoplasm
Aim: an endoplasm (heavily wounded, 100% to hit)
The magic dart hits the endoplasm but does no damage.
The endoplasm is heavily wounded.
The endoplasm hits you.
* * * LOW HITPOINT WARNING * * *
Casting: Magic Dart (safe; 14% risk of failure)
Confirm with . or Enter, or press ? or * to list all spells.
Aiming: Magic Dart (safe; 14% risk of failure)
Press: ? - help, Shift-Dir - straight line, f/p - endoplasm
Aim: an endoplasm (heavily wounded, 100% to hit)
The magic dart hits the endoplasm.
The endoplasm is almost dead.
The endoplasm freezes you.
You are frozen.
You die...

#.....# #.....#
##.....# ......#
#....+ #....#
#....##
########[.########
#............lJ@.#
#.##..#.#>##..##.#
#.....##.###.....#
#.##.##### ##.##.#
# ### ###>.# #
#####.##.# ...
##.##.....#
##..##>#<#..##.# .
...............#
..


You could see an endoplasm and a frilled lizard.

Vanquished Creatures
  An endoplasm (D:1)
  A rat (D:1)
2 creatures vanquished.

Notes
Turn   | Place    | Note
-------+----------+-------------------------------------------
     0 | D:1      | tilp the Felid Hedge Wizard began the quest for the Orb.
     0 | D:1      | Reached XP level 1. HP: 7/7 MP: 5/5
   183 | D:1      | Frozen to death by an endoplasm

Illustrated notes

Levels and vault maps discovered:
D:1:      onia_arrival_handbag, layout_basic

Action                   || total
-------------------------++-------
Melee: Unarmed           ||     3
 Cast: Magic Dart        ||     5
 Stab: Sleeping          ||     1
Dodge: Dodged            ||     2

Table legend: (Time is in decaauts)
 A = Elapsed time spent in this place.
 B = Non-inter-level travel time spent in this place.
 C = Inter-level travel time spent in this place.
 D = Time resting spent in this place.
 E = Time spent auto-exploring this place.
 F = Levels seen in this place.
 G = Mean time per level.
                   A        B        C        D        E       F      G
               +--------+--------+--------+--------+--------+-----+--------+
         Total |    171 |    171 |      0 |    120 |     18 |   1 |  171.0 |
       Dungeon |    171 |    171 |      0 |    120 |     18 |   1 |  171.0 |
               +--------+--------+--------+--------+--------+-----+--------+

Top non-repeatable levels by time:
     D:1: 171 daAuts
